 Dungeon Crawl Stone Soup version 0.27-b1-23-g44b8eac545 (webtiles) character file.

Game seed: 1374956921092153601

11632 ZARRMARR the Impaler (level 11, -2/99 HPs)
             Began as a Merfolk Gladiator on July 27, 2021.
             Was an Elder of Ashenzari.
             Slain by a tentacled starspawn (3 damage)
             ... on level 3 of the Abyss on July 28, 2021.
             The game lasted 02:20:53 (11472 turns).

ZARRMARR the Impaler (Merfolk Gladiator)           Turns: 11472, Time: 02:20:54

Health: -2/99      AC: 12    Str: 16    XL:     11   Next: 80%
Magic:  0/16       EV: 14    Int: 11    God:    Ashenzari [****..]
Gold:   400        SH:  0    Dex: 12    Spells: 14/22 levels left

rFire    . . .     SeeInvis +   P - +4 glaive (holy)
rCold    + . .     Faith    .   (shield currently unavailable)
rNeg     . . .     Spirit   +   r - +3 ring mail {rPois}
rPois    +         Reflect  .   c - +1 helmet "Share My Mistrust" {Self, Bglg} (curse)
rElec    .         Harm     .   Q - +0 cloak "Enigmatic Repose" {Self, Range} (curse)
rCorr    +         Rampage  .   (no gloves)
Will     .....     Clarity  +   q - +0 pair of boots "Restrained Together" {Melee, Self} (curse) Stlth +++.......Rnd*Tele +
                                y - amulet "Eternal Panentheism" {Spirit Contam Fly rCorr, Comp, Elem} (curse)
HPRegen  0.00/turn              n - ring "Chained Cynicism" {rC+, Self, Fort} (curse)
MPRegen  0.15/turn              A - ring of the Enlightened Omen {Int+6, Cun, Evo} (curse)

@: unable to read, flying, very slightly contaminated, inhibited regen
A: (nimble swimmer 2), mertail, [clumsy 2], [deformed body], [dopey 2], [low mp
2], [screaming 2], [inhibited regeneration], [teleportitis 2], [no potion heal
2], [subdued magic 3], [inability to read while threatened]
a: Renounce Religion, Shatter the Chains


You were on level 3 of the Abyss.
You worshipped Ashenzari.
Ashenzari was greatly pleased with you.
You visited 2 branches of the dungeon, and saw 8 of its levels.
You visited the Abyss 1 time.
You also visited: Ossuary.

You collected 400 gold pieces.

Inventory:

Hand Weapons
 a - a +1 trident
 k - a +1 whip of venom
 l - a +2 whip of freezing
 B - a +0 spear of flaming
 F - a +3 long sword of draining
 I - a +4 quarterstaff of chaos
 M - a +0 hand axe of flaming
 P - a +4 glaive of holy wrath (weapon)
Missiles
 d - 2 throwing nets
 i - 57 poisoned darts (quivered)
 s - 10 boomerangs of dispersal
Armour
 c - the cursed +1 helmet "Share My Mistrust" (worn) {Self, Bglg}

   It has a curse which improves the following skills: Introspection: Fighting
   and Spellcasting.
   Beguiling: Conjurations, Hexes and Translocations.
 q - the cursed +0 pair of boots "Restrained Together" (worn) {Melee, Self}
   (You found it on level 7 of the Dungeon)

   It has a curse which improves the following skills: Melee Combat: Short
   Blades, Long Blades, Axes, Maces & Flails, Polearms, Staves and Unarmed
   Combat.
   Introspection: Fighting and Spellcasting.
 r - a +3 ring mail of poison resistance (worn)
 G - +0 steam dragon scales
 Q - the cursed +0 cloak "Enigmatic Repose" (worn) {Self, Range}
   (You took it off Crazy Yiuf on level 6 of the Dungeon)

   It has a curse which improves the following skills: Introspection: Fighting
   and Spellcasting.
   Ranged Combat: Slings, Bows, Crossbows and Throwing.
Magical Staves
 H - a staff of cold
Jewellery
 n - the cursed ring "Chained Cynicism" (left hand) {rC+, Self, Fort}
   (You found it on level 3 of the Dungeon)

   [ring of protection from cold]

   rC:        It protects you from cold.
   It has a curse which improves the following skills: Introspection: Fighting
   and Spellcasting.
   Fortitude: Armour and Shields.
 y - the cursed amulet "Eternal Panentheism" (around neck) {Spirit Contam Fly rCorr, Comp, Elem}
   (You found it on level 5 of the Dungeon)

   [amulet of guardian spirit]

   It causes incoming damage to be divided between your reserves of health and
   magic.
   Fly:       It grants you flight.
   Contam:    It causes magical contamination when unequipped.
   rCorr:     It protects you from acid and corrosion.
   It has a curse which improves the following skills: Companions: Summonings
   and Necromancy.
   Elements:  Fire Magic, Ice Magic, Air Magic and Earth Magic.
 A - the cursed ring of the Enlightened Omen (right hand) {Int+6, Cun, Evo}
   (You found it on level 5 of the Dungeon)

   [ring of intelligence]

   Int:       It affects your intelligence (+6).
   It has a curse which improves the following skills: Cunning: Dodging and
   Stealth.
   Evocations: Evocations.
Wands
 j - a wand of acid (13)
 t - a wand of mindburst (8)
 D - a wand of iceblast (10)
 E - a wand of paralysis (8)
 L - a wand of digging (4)
Scrolls
 b - 2 scrolls of magic mapping
 o - 6 scrolls of blinking
 p - a scroll of immolation
 v - a scroll of torment
 C - 5 scrolls of identify
 N - a scroll of noise
 O - a scroll of fog
Potions
 e - 5 potions of curing
 f - 3 potions of heal wounds
 g - 2 potions of degeneration
 m - a potion of lignification
 w - a potion of attraction
 J - a potion of flight
 R - a potion of magic
 S - a potion of cancellation


   Skills:
 + Level 8.6(13.9) Fighting
 + Level 15.9(17.7) Polearms
 + Level 6.4(8.7) Throwing
 + Level 5.1(7.3) Armour
 + Level 7.4(9.8) Dodging
 + Level 5.0(7.2) Stealth
 - Level 2.9(4.9) Shields
 + Level 2.1(6.2) Spellcasting
 + Level 1.5(3.1) Summonings
 + Level 0.2 Transmutations
 + Level 1.7(3.3) Ice Magic


You had 14 spell levels left.
You knew the following spells:

 Your Spells              Type           Power      Damage    Failure   Level
a - Passwall              Tmut/Erth      1%         N/A       28%         2
b - Summon Ice Beast      Ice/Summ       5%         N/A       52%         4
c - Ensorcelled Hibernat  Hex/Ice        6%         N/A       14%         2

Your spell library contained the following spells:

 Spells                   Type           Power      Damage    Failure   Level
 Summon Small Mammal      Summ           20%        N/A       4%          1
 Animate Skeleton         Necr           4%         N/A       17%         1
 Apportation              Tloc           4%         N/A       17%         1
 Corona                   Hex            2%         N/A       17%         1
 Blink                    Tloc           N/A        N/A       28%         2
 Corpse Rot               Necr/Air       N/A        N/A       28%         2
 Dazzling Flash           Conj/Hex       4%         N/A       52%         3
 Lesser Beckoning         Tloc           1%         N/A       52%         3
 Swiftness                Air            2%         N/A       52%         3
 Tukima's Dance           Hex            2%         N/A       52%         3
 Dispel Undead            Necr           2%         3d7       91%         4
 Summon Mana Viper        Hex/Summ       3%         N/A       98%         5
 Agony                    Necr           2%         N/A       100%        5
 Manifold Assault         Tloc           2%         N/A       100%        5
 Silence                  Hex/Air        1%         N/A       100%        5
 Death Channel            Necr           1%         N/A       100%        6
 Invisibility             Hex            1%         N/A       100%        6
 Monstrous Menagerie      Summ           2%         N/A       100%        7


Dungeon Overview and Level Annotations

Branches:
Dungeon (7/15)             Temple (1/1) D:4         Ossuary (visited)

Altars:
Ashenzari
Cheibriados
Elyvilon
Fedhas
Gozag
Kikubaaqudgha
Makhleb
Sif Muna
Trog
Uskayaw
Vehumet
Wu Jian
Xom
Yredelemnul
Zin

Shops:
D:5 *   D:6 (

Portals:
Abyss: D:5

Annotations:
D:5 1 transporter


Innate Abilities, Weirdness & Mutations

((You are quick and stealthy near water. (Stealth+, EV+, Speed+++)))
Your lower body shifts to a powerful aquatic tail in water.
[You are very clumsy. (Dex -4)]
[Armour fits poorly on your strangely shaped body.]
[You are very dopey. (Int -4)]
[Your magical capacity is very low. (-20% MP)]
[You frequently scream uncontrollably at your foes.]
[You do not regenerate when monsters are visible.]
[You are sometimes teleported next to monsters.]
[Potions cannot restore your health.]
[Your spells are much easier to cast, but much less powerful.]
[You sometimes lose the ability to read scrolls when taking damage.]


Message History

The tentacled starspawn tentacle-slaps you!
* * * LOW HITPOINT WARNING * * *
You flicker back into view.
The tentacled starspawn misses you.
The tentacled starspawn closely misses you.
You feel less invigorated.
You feel less confused.
The tentacled starspawn completely misses you.
The tentacled starspawn misses you.
Reach: P) +4 glaive (holy)
Press: ? - help, Dir - move target, f/p - tentacled starspawn
Aim: a tentacled starspawn (lightly damaged, about 16% to evade your +4 glaive of holy wrath)
You slice the tentacled starspawn!!
The tentacled starspawn is moderately damaged.
The tentacled starspawn closely misses you.
The tentacled starspawn tentacle-slaps you but does no damage.
You cannot read scrolls in your current state!
Reach: P) +4 glaive (holy)
Press: ? - help, Dir - move target, f/p - tentacled starspawn
Aim: a tentacled starspawn (moderately damaged, about 16% to evade your +4 glaive of holy wrath)
You barely miss the tentacled starspawn.
The tentacled starspawn is moderately damaged.
The tentacled starspawn bites you!!
* * * LOW HITPOINT WARNING * * *
The tentacled starspawn tentacle-slaps you but does no damage.
Reach: P) +4 glaive (holy)
Press: ? - help, Dir - move target, f/p - tentacled starspawn
Aim: a tentacled starspawn (moderately damaged, about 16% to evade your +4 glaive of holy wrath)
You slice the tentacled starspawn!!
The tentacled starspawn is severely damaged.
The tentacled starspawn barely misses you.
The tentacled starspawn misses you.
Reach: P) +4 glaive (holy)
Press: ? - help, Dir - move target, f/p - tentacled starspawn
Aim: a tentacled starspawn (severely damaged, about 16% to evade your +4 glaive of holy wrath)
You slice the tentacled starspawn!!
The tentacled starspawn is almost destroyed.
The tentacled starspawn bites you but does no damage.
The tentacled starspawn tentacle-slaps you.
You die...

, , ,* ..##
# , , , , .
.# . * *,, *
* . ##.#. ##
* ,
#.###.#... #
,, , ,,, , .
#.# . ##,
...#. .#.#
.#. *
.#..##w..#.#
, , ,, #
.....#X###.
, , ,##.
V###@## # #
##.#######
,,* *, , .
.#.....#*, ,
** # *. ##
.. * , § ..
* ... ... ,
, #..# ## .
, *,, , , #
. * *##§* ,*
, .. ** * ,
,*, # * * ,
, ,


You could see a tentacled starspawn and a starspawn tentacle.

Vanquished Creatures
  A tentacled starspawn (Abyss:3)
  2 thrashing horrors (Abyss:3)
  A shadow wraith (Abyss:3)
  A sixfirhy (Abyss:3)
  A flayed ghost (Abyss:3)
  Pikel (D:7)
  2 nameless horrors
  Joseph (D:7)
  A toenail golem (D:5)
  The ghost of ryw the Skirmisher, a novice DsMo of Makhleb (D:5)
  A smoke demon (Abyss:3)
  An unseen horror (shapeshifter) (Abyss:3)
  An apocalypse crab (Abyss:3)
  Maggie (D:6)
  A large abomination (Abyss:3)
  3 flying skulls (Abyss:3)
  2 wraiths (Abyss:3)
  2 chaos spawn (Abyss:3)
  A steam dragon (D:6)
  Menkaure (D:7)
  2 water moccasins
  2 black bears
  2 sky beasts
  An orc warrior (D:6)
  An ogre (D:7)
  A centaur (D:5)
  2 kobold brigands (D:7)
  Blork the orc (D:6)
  3 scorpions
  6 small abominations
  2 wyvern zombies
  A wyvern skeleton (D:7)
  5 killer bees (D:7)
  A centaur skeleton (D:7)
  2 centaur zombies
  2 hounds (D:6)
  Crazy Yiuf (D:6)
  5 orc priests
  2 bullfrog skeletons
  A gnoll shaman (D:5)
  An iguana (D:4)
  3 orc wizards
  A killer bee zombie (D:6)
  A hound zombie (D:5)
  A hound skeleton (D:4)
  3 mummies (Ossuary)
  A howler monkey skeleton (D:5)
  5 adders
  4 gnolls (D:5)
  3 white imps
  3 adder zombies
  An adder skeleton (D:4)
  4 worms
  2 dart slugs
  23 orcs
  6 endoplasms
  3 giant cockroaches (D:1)
  3 gnoll zombies (Ossuary)
  2 goblins
  6 hobgoblins
  2 jackals (D:3)
  2 quokkas (D:3)
  8 ball pythons
  9 bats
  6 frilled lizards
  3 goblin zombies (Ossuary)
  2 hobgoblin zombies (Ossuary)
  7 kobolds
  3 kobold zombies (Ossuary)
  4 quokka zombies (Ossuary)
  6 rats
  A rat zombie (Ossuary)
198 creatures vanquished.

Vanquished Creatures (others)
  A swamp worm (shapeshifter) (Abyss:3)
  6 starspawn tentacles (Abyss:3)
7 creatures vanquished.

Grand Total: 205 creatures vanquished

Notes
Turn   | Place    | Note
-------+----------+-------------------------------------------
     0 | D:1      | ZARRMARR the Merfolk Gladiator began the quest for the Orb.
     0 | D:1      | Reached XP level 1. HP: 16/16 MP: 1/1
   272 | D:1      | Reached XP level 2. HP: 22/22 MP: 2/2
   846 | D:2      | Reached skill level 5 in Polearms
   846 | D:2      | Reached XP level 3. HP: 28/28 MP: 3/3
  1056 | D:2      | Found a faded altar of an unknown god.
  1574 | D:2      | Reached skill level 1 in Stealth
  1574 | D:2      | Reached XP level 4. HP: 34/34 MP: 4/4
  1965 | D:3      | Reached XP level 5. HP: 34/39 MP: 5/5
  2688 | D:4      | Reached skill level 6 in Polearms
  2731 | D:4      | Found a staircase to the Ecumenical Temple.
  2765 | Temple   | Entered the Ecumenical Temple
  3114 | Temple   | Became a worshipper of Ashenzari the Shackled
  3230 | D:4      | Found an opulent altar of Gozag.
  3311 | D:4      | Reached skill level 1 in Armour
  3311 | D:4      | Reached XP level 6. HP: 46/46 MP: 6/6
  3490 | D:4      | Reached skill level 7 in Polearms
  3500 | D:4      | Reached skill level 5 in Dodging
  3958 | D:5      | Entered Level 5 of the Dungeon
  3989 | D:5      | Found a transporter.
  4028 | D:5      | Found a transporter.
  4041 | D:5      | Found a one-way gate to the infinite horrors of the Abyss.
  4041 | D:5      | Noticed ryw's ghost (novice DsMo)
  4047 | D:5      | Identified the amulet of Gamoi {Spirit Contam Fly rCorr}
  4125 | D:5      | Found Baint's Assorted Antiques.
  4154 | D:5      | Reached XP level 7. HP: 17/53 MP: 2/7
  4576 | D:5      | Found a white marble altar of Elyvilon.
  4625 | D:5      | Reached * piety under Ashenzari
  4938 | D:5      | Reached skill level 8 in Polearms
  5386 | D:6      | Reached skill level 1 in Shields
  5510 | D:6      | Reached ** piety under Ashenzari
  5519 | D:6      | Reached XP level 8. HP: 63/63 MP: 8/8
  5551 | D:6      | Noticed Maggie
  5566 | D:6      | Killed Maggie
  5567 | D:6      | Reached skill level 9 in Polearms
  5766 | D:6      | Found a radiant altar of Vehumet.
  5894 | D:6      | Found a shimmering altar of Xom.
  6054 | D:6      | Noticed Blork the orc
  6059 | D:6      | Killed Blork the orc
  6060 | D:6      | Reached skill level 5 in Fighting
  6060 | D:6      | Reached skill level 10 in Polearms
  6176 | D:6      | Found a bloodstained altar of Trog.
  6177 | D:6      | Identified Yprialon's Papyrus of Retrieval
  6295 | D:6      | Found Woets's Weapon Boutique.
  6323 | D:6      | Reached XP level 9. HP: 52/71 MP: 6/9
  6599 | D:6      | Found a glowing silver altar of Zin.
  6744 | D:6      | Reached skill level 5 in Throwing
  6829 | D:6      | Found a runed translucent door.
  6830 | D:6      | Noticed Crazy Yiuf
  7004 | D:6      | Learned a level 2 spell: Passwall
  7009 | D:6      | Learned a level 4 spell: Summon Ice Beast
  7075 | D:6      | Noticed a nameless horror
  7089 | D:6      | Killed a nameless horror
  7358 | D:5      | Noticed a toenail golem
  7437 | D:5      | Killed ryw's ghost
  7801 | D:7      | Reached skill level 1 in Spellcasting
  7818 | D:7      | Reached skill level 11 in Polearms
  8156 | D:7      | Found a sand-covered staircase.
  8178 | Ossuary  | Entered an ossuary
  8267 | Ossuary  | Reached *** piety under Ashenzari
  8271 | Ossuary  | Learned a level 2 spell: Ensorcelled Hibernation
  8374 | Ossuary  | Identified a scroll of acquirement
  8411 | Ossuary  | Acquired a +2 glaive of holy wrath
  8692 | D:7      | Noticed Pikel
  8706 | D:7      | Killed Pikel
  8707 | D:7      | Reached skill level 12 in Polearms
  8707 | D:7      | Reached XP level 10. HP: 72/83 MP: 12/14
  8846 | D:7      | Noticed Menkaure
  8853 | D:7      | Killed Menkaure
  8962 | D:7      | Noticed Joseph
  8980 | D:7      | Killed Joseph
  9693 | D:7      | Noticed a nameless horror
  9705 | D:7      | Killed a nameless horror
 10120 | D:6      | Killed Crazy Yiuf
 10301 | D:5      | Killed a toenail golem
 10304 | D:5      | Cast into level 1 of the Abyss (kobold brigand)
 10455 | Abyss:3  | Noticed a large abomination
 10456 | Abyss:3  | Killed a large abomination
 10457 | Abyss:3  | Reached skill level 13 in Polearms
 10498 | Abyss:3  | Noticed a starcursed mass
 10516 | Abyss:3  | Found a stormy altar of Qazlal.
 10536 | Abyss:3  | Noticed a shadow wraith
 10563 | Abyss:3  | Killed a shadow wraith
 10564 | Abyss:3  | Reached skill level 1 in Summonings
 10564 | Abyss:3  | Reached skill level 1 in Ice Magic
 10643 | Abyss:3  | Paralysed by a hornet for 1 turns
 10647 | Abyss:3  | Noticed an unseen horror
 10647 | Abyss:3  | a hornet changed into an unseen horror
 10649 | Abyss:3  | Killed an unseen horror
 10674 | Abyss:3  | Noticed a flayed ghost
 10678 | Abyss:3  | Killed a flayed ghost
 10679 | Abyss:3  | Reached skill level 14 in Polearms
 10679 | Abyss:3  | Reached XP level 11. HP: 79/93 MP: 18/18
 10712 | Abyss:3  | Found a stormy altar of Qazlal.
 10730 | Abyss:3  | Noticed a tentacled starspawn
 10741 | Abyss:3  | Killed a tentacled starspawn
 10758 | Abyss:3  | Noticed a naga warrior
 10906 | Abyss:3  | Reached skill level 15 in Polearms
 11080 | Abyss:3  | Noticed a thrashing horror
 11086 | Abyss:3  | Killed a thrashing horror
 11087 | Abyss:3  | Noticed a thrashing horror
 11100 | Abyss:3  | Killed a thrashing horror
 11129 | Abyss:3  | Noticed a wretched star
 11138 | Abyss:3  | Noticed a soul eater
 11144 | Abyss:3  | Reached skill level 5 in Stealth
 11146 | Abyss:3  | Noticed a rakshasa
 11267 | Abyss:3  | Noticed a wretched star
 11302 | Abyss:3  | Reached skill level 5 in Armour
 11311 | Abyss:3  | Noticed a wretched star
 11322 | Abyss:3  | Gained mutation: Your mind is acute. (Int +2) [potion of
                  | mutation]
 11322 | Abyss:3  | Gained mutation: Your body sometimes deteriorates upon
                  | taking damage. [potion of mutation]
 11330 | Abyss:3  | Reached **** piety under Ashenzari
 11355 | Abyss:3  | Lost mutation: Your body sometimes deteriorates upon taking
                  | damage. [potion of mutation]
 11355 | Abyss:3  | Lost mutation: Your mind is acute. (Int +2) [potion of
                  | mutation]
 11420 | Abyss:3  | Noticed a tentacled starspawn
 11420 | Abyss:3  | Noticed a sixfirhy
 11422 | Abyss:3  | Killed a sixfirhy
 11449 | Abyss:3  | Noticed a tentacled starspawn
 11470 | Abyss:3  | HP: 1/99 [tentacled starspawn (10)]
 11472 | Abyss:3  | Slain by a tentacled starspawn

Illustrated notes

Levels and vault maps discovered:
D:1:      nzn_arrival_depleted_hourglass, layout_basic
D:2:      layout_loops_ring, ebering_ecumenical_altar_webs,
          kennysheep_generic_room_8
D:3:      layout_loops_ring, amethyst_killhole, st_stairs_14
D:4:      layout_basic, kennysheep_mini_moat, minmay_temple_entry_stoned_glass
D:5:      layout_basic, mainiacjoe_overflow_small_starburst, serial_shops,
          kennysheep_little_box, gammafunk_ghost_abyssal_escape
D:6:      layout_loops_corners, zin_treasury, old_standard_altar,
          vehumet_crystals, trog_book, serial_shops, shop, uniq_maggie,
          uniq_crazy_yiuf_cottage, uniq_blork_the_orc
D:7:      layout_basic, chequers_ossuary_entry_cave, kennysheep_dice,
          uniq_pikel, uniq_menkaure, uniq_joseph
Temple:   compressed_dpeg_triangle_lava_temple
Abyss:3:  base: D:3, hangedman_grunt_abyss_rune_horror_hoard,
          evilmike_abyss_exit_16, lemuel_flamethrower_3,
          nicolae_abyss_rune_star_stuff

Skill      XL: |  1  2  3  4  5  6  7  8  9 10 11 |
---------------+----------------------------------+-----
Polearms       | 5 6 7 8 10 12 14 15 | 15.9
Stealth        | 1 2 3 4 5 |  5.0
Throwing       | 3 4 5 6 |  6.4
Armour         | 1 2 3 4 5 |  5.1
Dodging        | 5 6 7 |  7.4
Fighting       | 3 4 5 6 7 8 |  8.6
Shields        | 1 2 |  2.9
Spellcasting   | 1 2 |  2.1
Summonings     | 1 |  1.5
Ice Magic      | 1 |  1.7
Transmutations | |  0.2

Action                   |  1- 3 |  4- 6 |  7- 9 | 10-12 || total
-------------------------+-------+-------+-------+-------++-------
Melee: Trident           |    74 |   153 |   331 |       ||   558
       Glaive            |       |       |    13 |   145 ||   158
Throw: Dart              |    33 |    74 |    49 |    10 ||   166
       Throwing net      |     1 |       |     1 |       ||     2
       Boomerang         |       |       |    49 |       ||    49
 Cast: Passwall          |       |       |     1 |       ||     1
Invok: Curse Item        |       |     1 |     4 |     2 ||     7
       Shatter the Chain |       |       |     1 |       ||     1
  Use: Scroll            |     2 |     3 |     4 |     5 ||    14
       Potion            |       |       |     4 |    10 ||    14
 Stab: Sleeping          |     3 |     2 |     5 |       ||    10
       Distracted        |       |       |     1 |     2 ||     3
       Invisible         |       |       |       |     1 ||     1
Armor: Leather armour    |    10 |    19 |       |       ||    29
       Ring mail         |       |    32 |    89 |    39 ||   160
Dodge: Dodged            |    28 |    79 |   142 |    88 ||   337
Block: Buckler           |       |    12 |    62 |       ||    74
